 Dungeon Crawl Stone Soup version 0.22-a0-769-g178e55541d (webtiles) character file.

6529 PikkenKukken the Slicer (level 11, -4/69 HPs)
             Began as a Kobold Fighter on July 8, 2018.
             Was a Priest of the Shining One.
             Slain by an orc warrior
             ... wielding a +0 short sword
              (8 damage)
             ... on level 9 of the Dungeon on July 17, 2018.
             The game lasted 00:31:16 (11828 turns).

PikkenKukken the Slicer (Kobold Fighter)           Turns: 11828, Time: 00:31:17

Health: -4/69      AC: 15    Str: 15    XL:     11   Next: 20%
Magic:  15/15      EV:  4    Int: 10    God:    the Shining One [***...]
Gold:   86         SH: 11    Dex: 16    Spells: 10/10 levels left

rFire    . . .     SeeInvis +   a - +1 rapier
rCold    . . .     Gourm    .   c - +1 shield
rNeg     + . .     Faith    .   A - +0 plate armour
rPois    +         Spirit   .   y - +0 helmet
rElec    .         Reflect  .   z - +0 cloak
rCorr    .         Harm     .   (no gloves)
MR       +....                  (no boots)
Stlth    ..........             B - amulet of rage
HPRegen  0.21/turn              G - ring of Uruor {rPois MR+ SInv}
MPRegen  0.14/turn              (no ring)

@: berserk cooldown, slowed, glowing, very slow
A: small, carnivore
a: Divine Shield, Renounce Religion, Evoke Berserk Rage


You were on level 9 of the Dungeon.
You worshipped the Shining One.
The Shining One was most pleased with you.
You were very full.

You visited 1 branch of the dungeon, and saw 9 of its levels.
You also visited: Sewer.

You collected 490 gold pieces.
You spent 404 gold pieces at shops.

Inventory:

Hand Weapons
 a - a +1 rapier (weapon)
Missiles
 k - 5 tomahawks (quivered)
 u - 2 exploding tomahawks
 E - 2 silver tomahawks
Armour
 c - a +1 shield (worn)
 o - a +0 chain mail
 y - a +0 helmet (worn)
 z - a +0 cloak (worn)
 A - a +0 plate armour (worn)
Jewellery
 x - an uncursed amulet of guardian spirit {unknown}
 B - an amulet of rage (around neck)
 G - the ring of Uruor (left hand) {rPois MR+ SInv}
   (You bought it in a shop on level 8 of the Dungeon)

   [ring of protection from magic]

   It protects you from poison.
   It affects your resistance to hostile enchantments.
   It lets you see invisible.
Scrolls
 g - 7 scrolls of remove curse
 p - 5 scrolls of teleportation
 s - a scroll of amnesia
 t - 4 scrolls of fear
 C - a scroll of enchant armour
 F - a scroll of enchant weapon
Potions
 b - a potion of resistance
 d - 3 potions of might
 e - a potion of cancellation
 h - 3 potions of ambrosia
 i - 2 potions of heal wounds
 j - 2 potions of brilliance
 l - 3 potions of lignification
 m - 5 potions of curing
 n - 3 potions of agility
 q - 2 potions of invisibility
 r - a potion of haste
 v - a potion of berserk rage {unknown}
 w - a potion of magic {unknown}
Comestibles
 f - 22 rations
 D - 4 chunks of flesh


   Skills:
 + Level 8.4 Fighting
 + Level 9.6 Short Blades
 - Level 5.0 Throwing
 + Level 6.3 Armour
 + Level 6.2 Shields
 - Level 5.7 Invocations
 - Level 5.3 Evocations


You had 10 spell levels left.
You didn't know any spells.
Your spell library contained the following spells:

 Spells                   Type           Power        Failure   Level  Hunger
 Fireball                 Conj/Fire      #.........   100%        5    ######.
 Conjure Flame            Conj/Fire      #.......     100%        3    ####...
 Confuse                  Hex            #.......     100%        3    ####...
 Throw Flame              Conj/Fire      #.....       100%        2    ###....
 Sticky Flame             Conj/Fire      #.......     100%        4    #####..
 Stone Arrow              Conj/Erth      #.....       100%        3    ####...
 Confusing Touch          Hex            #.....       100%        1    ##.....
 Flame Tongue             Conj/Fire      #....        100%        1    ##.....
 Passwall                 Tmut/Erth      #.......     100%        2    ###....
 Metabolic Englaciation   Hex/Ice        #.........   100%        5    ######.
 Lee's Rapid Deconstruct  Erth           #.........   100%        5    ######.
 Sandblast                Erth           #.....       100%        1    ##.....
 Petrify                  Tmut/Erth      #.......     100%        4    #####..
 Inner Flame              Hex/Fire       #.......     100%        3    ####...
 Gell's Gravitas          Tloc           #.........   100%        3    ####...
 Yara's Violent Unravell  Hex/Tmut       #.........   100%        5    ######.


Dungeon Overview and Level Annotations

Branches:
Dungeon (9/15)             Temple (0/1) D:7
   Lair: D:8-11         Orc: D:9-12

Altars:
Fedhas
Gozag
Hepliaklqana
Kikubaaqudgha
Makhleb
Qazlal
Trog
Uskayaw
Vehumet
Yredelemnul
Zin
The Shining One

Shops:
D:8 =

Annotations:
D:7 2 transporters, Menkaure


Innate Abilities, Weirdness & Mutations

You are small and have problems with some larger weapons.
You are carnivorous and can eat meat at any time.


Message History

You puncture the orc warrior!
The orc warrior is severely wounded.
The phantom blinks!
You block the orc warrior's attack.
You hit the orc warrior but do no damage.
The orc warrior is severely wounded.
You block the orc warrior's attack.
The orc priest mumbles some strange prayers to Beogh against you.
Beogh smites you!
* * * LOW HITPOINT WARNING * * *
You hit the orc warrior.
The orc warrior is severely wounded.
You block the orc warrior's attack.
You completely miss the orc warrior.
The orc warrior is severely wounded.
Your divine shield fades away.
The orc warrior barely misses you. You block the orc warrior's attack.
You hit the orc warrior.
The orc warrior is severely wounded.
The orc warrior hits you with a short sword!
You die...

#### ..# #.#
#.#####o#####
.......Woo@.#
#.#####.###.#
##.###.###
..........#
###.###.#.#
#.##....#
#.##.#..#
#.##....#
#.......#


You could see a phantom, an orc warrior, an orc priest and an orc.

Vanquished Creatures
  A two-headed ogre (D:8)
  2 hippogriffs (D:8)
  A spriggan (D:7)
  A wyvern (D:7)
  A hungry ghost (D:7)
  Edmund (D:5)
  3 orc warriors
  4 phantoms
  An ice beast (D:5)
  2 black bears (D:7)
  2 necrophages
  2 ogres
  An eye of draining (D:8)
  3 centaurs
  6 big kobolds
  7 bullfrogs
  2 wyvern skeletons
  5 scorpions
  8 killer bees
  4 howler monkeys
  7 wights
  8 crimson imps
  A jelly (D:6)
  3 orc priests
  4 hounds
  Crazy Yiuf (D:6)
  2 iguanas
  5 orc wizards
  8 worker ants
  2 hound zombies
  A howler monkey zombie (D:4)
  2 worker ant zombies
  12 adders
  4 gnolls
  3 river rats (Sewer)
  2 oozes
  2 adder zombies (D:4)
  12 dart slugs
  4 worms
  11 leopard geckos
  53 orcs
  9 giant cockroaches
  19 goblins
  21 hobgoblins
  5 jackals
  4 quokkas
  6 ball pythons (Sewer)
  4 bats
  5 frilled lizards
  28 kobolds
  A leopard gecko zombie (D:9)
  3 quokka skeletons
  7 rats
316 creatures vanquished.

Notes
Turn   | Place    | Note
-------+----------+-------------------------------------------
     0 | D:1      | PikkenKukken the Kobold Fighter began the quest for the Orb.
     0 | D:1      | Reached XP level 1. HP: 14/14 MP: 1/1
    68 | D:1      | Reached XP level 2. HP: 14/19 MP: 2/2
    69 | D:1      | Upgraded the game from 0.22-a0-605-g9281fa2407 to 0.22-a0-769-g178e55541d
   336 | D:1      | Reached skill level 3 in Short Blades
   487 | D:1      | Reached XP level 3. HP: 23/23 MP: 3/3
   755 | D:2      | Reached XP level 4. HP: 10/29 MP: 4/4
  1577 | D:2      | Reached skill level 1 in Throwing
  1917 | D:2      | Found a glowing golden altar of the Shining One.
  1938 | D:2      | Became a worshipper of the Shining One
  2055 | D:3      | Reached XP level 5. HP: 33/33 MP: 5/5
  2183 | D:3      | Reached skill level 4 in Short Blades
  2280 | D:3      | HP: 1/33 [orc/mace of protection (2)]
  3211 | D:3      | Noticed a necrophage
  3230 | D:3      | Killed a necrophage
  3230 | D:3      | Reached skill level 1 in Invocations
  3230 | D:3      | Reached XP level 6. HP: 22/38 MP: 5/7
  3987 | D:4      | Reached XP level 7. HP: 32/44 MP: 8/8
  4117 | D:4      | Reached * piety under the Shining One
  4348 | D:4      | Reached skill level 5 in Short Blades
  5352 | D:4      | Reached skill level 5 in Fighting
  5352 | D:4      | Reached XP level 8. HP: 43/49 MP: 10/10
  5436 | D:5      | Entered Level 5 of the Dungeon
  5492 | D:5      | Found a glowing drain.
  5513 | Sewer    | Entered a sewer
  5927 | Sewer    | Reached skill level 6 in Short Blades
  6063 | Sewer    | Reached ** piety under the Shining One
  6314 | D:5      | Noticed Edmund
  6329 | D:5      | Killed Edmund
  6332 | D:5      | Reached XP level 9. HP: 45/55 MP: 10/12
  6755 | D:5      | Found a bloodstained altar of Trog.
  6761 | D:5      | Found a hide-covered altar of Uskayaw.
  6761 | D:5      | Found a glowing silver altar of Zin.
  7269 | D:5      | Found a radiant altar of Vehumet.
  7281 | D:5      | Found an opulent altar of Gozag.
  7281 | D:5      | Found a hazy altar of Hepliaklqana.
  7282 | D:5      | Found a blossoming altar of Fedhas.
  7285 | D:5      | Found a burning altar of Makhleb.
  7287 | D:5      | Found a stormy altar of Qazlal.
  7389 | D:5      | Reached skill level 7 in Short Blades
  7809 | D:6      | Found a stormy altar of Qazlal.
  7981 | D:6      | Reached skill level 5 in Throwing
  8193 | D:6      | Reached skill level 5 in Invocations
  8210 | D:6      | Reached skill level 5 in Armour
  8367 | D:6      | Found a runed door.
  8371 | D:6      | Noticed Crazy Yiuf
  8380 | D:6      | Killed Crazy Yiuf
  8781 | D:7      | Reached skill level 5 in Shields
  8815 | D:7      | Reached XP level 10. HP: 28/63 MP: 12/14
  9029 | D:7      | Reached skill level 8 in Short Blades
  9033 | D:7      | The Shining One protects you from harm!
  9332 | D:7      | Found a transporter.
  9335 | D:7      | Found a basalt altar of Yredelemnul.
  9335 | D:7      | Noticed Menkaure
  9337 | D:7      | Found an ancient bone altar of Kikubaaqudgha.
  9366 | D:7      | Reached skill level 1 in Evocations
  9461 | D:7      | Found a staircase to the Ecumenical Temple.
  9582 | D:7      | Reached *** piety under the Shining One
  9739 | D:7      | Found a transporter.
 10883 | D:8      | Found Wusiol's Jewellery Boutique.
 10975 | D:8      | Reached skill level 9 in Short Blades
 11256 | D:8      | Noticed a two-headed ogre
 11269 | D:8      | Killed a two-headed ogre
 11269 | D:8      | Reached skill level 5 in Evocations
 11269 | D:8      | Reached XP level 11. HP: 68/68 MP: 11/15
 11566 | D:8      | Bought the ring of Uruor {rPois MR+ SInv} for 404 gold pieces
 11825 | D:9      | HP: 3/69 [orc priest/divine providence (13)]
 11828 | D:9      | Slain by an orc warrior

Vault maps used:
D:1:      wheals_arrival_shading
D:2:      first_ration, tso_altar
D:3:      kennysheep_slugbush, kennysheep_minor_cross, nrook_mini_vaults
D:4:      corexii_shantytown, serial_undead, serial_undead_d, serial_undead_e,
          serial_undead_e, serial_undead_f
D:5:      corexii_shack_village, minitemple, grunt_temple_overflow_open,
          portal_sewer_entry_f, uniq_edmund
D:6:      grunt_qazlal_sundering, uniq_crazy_yiuf_cottage
D:7:      gammafunk_temple_of_torment, minmay_temple_entry_glass, the_bakery
D:8:      serial_shops, nicolae_shop_statue_plus
Sewer:    sewer_co_tree

Skill      XL: |  1  2  3  4  5  6  7  8  9 10 |
---------------+-------------------------------+-----
Short Blades   | 3 4 5 6 7 9 |  9.6
Throwing       | 1 2 3 4 5 |  5.0
Shields        | 3 4 5 6 |  6.2
Fighting       | 4 5 7 8 |  8.4
Armour         | 3 4 5 6 |  6.3
Invocations    | 1 2 4 5 |  5.7
Evocations     | 5 |  5.3

Action                   |  1- 3 |  4- 6 |  7- 9 | 10-12 || total
-------------------------+-------+-------+-------+-------++-------
Melee: Rapier            |    84 |   330 |   648 |   471 ||  1533
Throw: Tomahawk          |       |     2 |     1 |       ||     3
Invok: Divine Shield     |       |       |     1 |     7 ||     8
 Abil: Evoke Berserk Rag |       |       |       |     3 ||     3
  Use: Scroll            |     4 |     5 |     9 |     4 ||    22
       Potion            |       |       |     1 |     2 ||     3
  Eat: Chunk             |     8 |    11 |    17 |    18 ||    54
Armor: Scale mail        |    29 |    23 |       |       ||    52
       Chain mail        |       |   102 |   216 |       ||   318
       Plate armour      |       |       |     1 |   175 ||   176
Dodge: Dodged            |    25 |    54 |   109 |    45 ||   233
Block: Shield            |    41 |   155 |   292 |   281 ||   769

Table legend:
 A = Spawn XP
 B = Non-spawn XP
 C = Spawn XP percentage of total XP
 D = Spawn monster count
 E = Non-spawn monster count
 F = Spawn count percentage of total count
 G = Total turns spent on level
                    A         B        C        D         E        F      G
               +---------+---------+-------+---------+---------+-------+---------
         Total |       0 |    9328 |   0.0 |       0 |     316 |   0.0 | 11828
               +---------+---------+-------+---------+---------+-------+---------
           D:1 |       0 |      39 |   0.0 |       0 |      22 |   0.0 |   992
           D:2 |       0 |     103 |   0.0 |       0 |      24 |   0.0 |  1368
           D:3 |       0 |     205 |   0.0 |       0 |      20 |   0.0 |  1085
           D:4 |       0 |     742 |   0.0 |       0 |      72 |   0.0 |  1991
           D:5 |       0 |    1157 |   0.0 |       0 |      51 |   0.0 |  1356
           D:6 |       0 |     843 |   0.0 |       0 |      16 |   0.0 |  1338
           D:7 |       0 |    2312 |   0.0 |       0 |      34 |   0.0 |  1598
           D:8 |       0 |    2592 |   0.0 |       0 |      31 |   0.0 |  1065
           D:9 |       0 |     805 |   0.0 |       0 |      18 |   0.0 |   254
         Sewer |       0 |     530 |   0.0 |       0 |      28 |   0.0 |   781
               +---------+---------+-------+---------+---------+-------+---------
